TOP OF THE 1ST |
Chicago Gold Sox batting - Pitching for Atlanta Smoke : RHP Christian Pitts
|
Pitching: RHP Christian Pitts
|
|
Batting: RHB John Farrell
|
0-0: Called Strike 0-1: Ball 1-1: Ball 2-1: SINGLE (Groundball, 6MD)
|
Batting: LHB Ron Goodwin
|
0-0: Ball John Farrell steals 2nd base 1-0: Ball 2-0: Called Strike 2-1: Reached on error, E4 (Groundball, 4M) John Farrell scores
|
Batting: LHB Vicente Martínez
|
0-0: Ball 1-0: Ball 2-0: Called Strike 2-1: Ball 3-1: Foul Ball, location: 2F 3-2: SINGLE (Groundball, 4M) Ron Goodwin to third
|
Pitching: RHP Mike Farrell
|
|
Batting: LHB Earl Ellis
|
0-0: Called Strike 0-1: Ball 1-1: Reached on error, E4 (Groundball, 34) Ron Goodwin scores Vicente Martínez to second
|
Batting: LHB Noel Ballard
|
0-0: Foul Ball, location: 2F 0-1: Foul Ball, location: 2F 0-2: Ball 1-2: Fly out, F7 (Flyball, 7M)
|
Batting: RHB Mike Brown
|
0-0: Called Strike 0-1: Ball 1-1: Foul Ball, location: 2F 1-2: Ball 2-2: Ground out 3-1 (Groundball, 34S) Vicente Martínez to third Earl Ellis to second
|
Batting: LHB Norm Ortega
|
0-0: Ball 1-0: Called Strike 1-1: Foul Ball, location: 2F 1-2: Ball 2-2: Ground out 4-3 (Groundball, 4)
|
Top of the 1st over - 2 run(s), 2 hit(s), 2 error(s), 2 left on base; Chicago 2 - Atlanta 0 |
BOTTOM OF THE 1ST |
Atlanta Smoke batting - Pitching for Chicago Gold Sox : RHP Devin Hinton
|
Pitching: RHP Devin Hinton
|
|
Batting: RHB Leandro Tuzzi
|
0-0: Ball 1-0: Fly out, F9 (Flyball, 9M)
|
Batting: LHB Mike Blue
|
0-0: Ball 1-0: Called Strike 1-1: Called Strike 1-2: Strikes out looking
|
Batting: RHB Chris Smith
|
0-0: Called Strike 0-1: Ball 1-1: Called Strike 1-2: Ground out 2-3 (Groundball, 23)
|
Bottom of the 1st over - 0 run(s), 0 hit(s), 0 error(s), 0 left on base; Chicago 2 - Atlanta 0 |
TOP OF THE 2ND |
Chicago Gold Sox batting - Pitching for Atlanta Smoke : RHP Mike Farrell
|
Batting: RHB Daniel Lallanilla
|
0-0: Ball 1-0: Ball 2-0: Called Strike 2-1: Swinging Strike 2-2: Fly out, F7 (Line Drive, 7S)
|
Batting: RHB Devin Hinton
|
0-0: Ground out 6-3 (Groundball, 6)
|
Batting: RHB John Farrell
|
0-0: Called Strike 0-1: Ball 1-1: Foul Ball, location: 2F 1-2: Foul Ball, location: 2F 1-2: Ball 2-2: SINGLE (Groundball, 6MD)
|
Pitching: RHP Josef van der Poel
|
|
Batting: LHB Ron Goodwin
|
0-0: Ball 1-0: Ball 2-0: Ball 3-0: Base on Balls John Farrell to second
|
Batting: LHB Vicente Martínez
|
0-0: Swinging Strike 0-1: Swinging Strike 0-2: Ball 1-2: Ball 2-2: Strikes out swinging
|
Top of the 2nd over - 0 run(s), 1 hit(s), 0 error(s), 2 left on base; Chicago 2 - Atlanta 0 |
BOTTOM OF THE 2ND |
Atlanta Smoke batting - Pitching for Chicago Gold Sox : RHP Devin Hinton
|
Batting: RHB Nathan Horton
|
0-0: Ball 1-0: Fly out, F2 (Popup, 2LF)
|
Batting: RHB Nate Cates
|
0-0: Called Strike 0-1: Fly out, F7 (Flyball, 78S)
|
Batting: LHB Armando Esparza
|
0-0: Ground out 6-3 (Groundball, 6)
|
Bottom of the 2nd over - 0 run(s), 0 hit(s), 0 error(s), 0 left on base; Chicago 2 - Atlanta 0 |
TOP OF THE 3RD |
Chicago Gold Sox batting - Pitching for Atlanta Smoke : RHP Josef van der Poel
|
Batting: LHB Earl Ellis
|
0-0: Ball 1-0: Ball 2-0: Ball 3-0: Called Strike 3-1: Foul Ball, location: 2F 3-2: Base on Balls
|
Batting: LHB Noel Ballard
|
0-0: Called Strike 0-1: SINGLE (Line Drive, 56D) Earl Ellis to second
|
Batting: RHB Mike Brown
|
0-0: Ball 1-0: Ball Wild Pitch! Earl Ellis to third Noel Ballard to second 2-0: Called Strike 2-1: Ground out 6-3 (Groundball, 6) Earl Ellis scores Noel Ballard to third
|
Batting: LHB Norm Ortega
|
0-0: Ball 1-0: Called Strike 1-1: Called Strike 1-2: Strikes out swinging
|
Batting: RHB Daniel Lallanilla
|
0-0: Intentional Walk
|
Batting: RHB Devin Hinton
|
0-0: Ball 1-0: Foul Ball, location: 2F 1-1: Foul Ball, location: 2F 1-2: Ball Passed Ball! Noel Ballard scores Daniel Lallanilla to second 2-2: Ball 3-2: Fly out, F8 (Flyball, 8LS)
|
Top of the 3rd over - 2 run(s), 1 hit(s), 0 error(s), 1 left on base; Chicago 4 - Atlanta 0 |
BOTTOM OF THE 3RD |
Atlanta Smoke batting - Pitching for Chicago Gold Sox : RHP Devin Hinton
|
Batting: RHB Mal Bussard
|
0-0: Ball 1-0: Called Strike 1-1: Foul Ball, location: 2F 1-2: Ball 2-2: Ball 3-2: Foul Ball, location: 2F 3-2: Foul Ball, location: 2F 3-2: Ground out 4-3 (Groundball, 4)
|
Batting: LHB Egidio Agnolutto
|
0-0: Ball 1-0: Ball 2-0: Swinging Strike 2-1: Swinging Strike 2-2: Ball 3-2: Reached on error, E5 (Groundball, 56)
|
Batting: SHB Josef van der Poel
|
0-0: Reached on error, E4 (Groundball, 4S) Egidio Agnolutto to third
|
Batting: RHB Leandro Tuzzi
|
0-0: Ball 1-0: Ball 2-0: Swinging Strike 2-1: Swinging Strike 2-2: Foul Ball, location: 2F 2-2: Ball 3-2: Ground out 5-3 (Groundball, 5L)
|
Batting: LHB Mike Blue
|
0-0: Called Strike 0-1: Foul Ball, location: 2F 0-2: Ball 1-2: Foul Ball, location: 2F 1-2: Ground out 4-3 (Groundball, 4)
|
Bottom of the 3rd over - 0 run(s), 0 hit(s), 2 error(s), 2 left on base; Chicago 4 - Atlanta 0 |
TOP OF THE 4TH |
Chicago Gold Sox batting - Pitching for Atlanta Smoke : RHP Josef van der Poel
|
Pitching: RHP Lance Hodges
|
|
Batting: RHB John Farrell
|
0-0: Bunted foul 0-1: Ball 1-1: Ground out 6-3 (Groundball, 6)
|
Batting: LHB Ron Goodwin
|
0-0: Called Strike 0-1: Called Strike 0-2: Foul Ball, location: 2F 0-2: Ground out U3 (Groundball, 3S)
|
Batting: LHB Vicente Martínez
|
0-0: Foul Ball, location: 2F 0-1: Swinging Strike 0-2: Ball 1-2: Ball 2-2: Strikes out looking
|
Top of the 4th over - 0 run(s), 0 hit(s), 0 error(s), 0 left on base; Chicago 4 - Atlanta 0 |
BOTTOM OF THE 4TH |
Atlanta Smoke batting - Pitching for Chicago Gold Sox : RHP Devin Hinton
|
Batting: RHB Chris Smith
|
0-0: Ball 1-0: SINGLE (Line Drive, 34)
|
Batting: RHB Nathan Horton
|
0-0: Called Strike 0-1: Ball 1-1: Grounds into double play, 6-4-3 (Groundball, 6M)
|
Batting: RHB Nate Cates
|
0-0: Ball 1-0: Swinging Strike 1-1: Foul Ball, location: 2F 1-2: Ball 2-2: Ball 3-2: Foul Ball, location: 2F 3-2: Fly out, F9 (Flyball, 89M)
|
Bottom of the 4th over - 0 run(s), 1 hit(s), 0 error(s), 0 left on base; Chicago 4 - Atlanta 0 |
TOP OF THE 5TH |
Chicago Gold Sox batting - Pitching for Atlanta Smoke : RHP Lance Hodges
|
Batting: LHB Earl Ellis
|
0-0: Ball 1-0: Foul Ball, location: 2F 1-1: Ball 2-1: Ball 3-1: Base on Balls
|
Batting: LHB Noel Ballard
|
0-0: Ball 1-0: Called Strike 1-1: Called Strike 1-2: Ball 2-2: Ball 3-2: Strikes out swinging
|
Batting: RHB Mike Brown
|
0-0: Ball 1-0: Called Strike 1-1: Ball 2-1: Grounds into double play, 6-4-3 (Groundball, 6)
|
Top of the 5th over - 0 run(s), 0 hit(s), 0 error(s), 0 left on base; Chicago 4 - Atlanta 0 |
BOTTOM OF THE 5TH |
Atlanta Smoke batting - Pitching for Chicago Gold Sox : RHP Devin Hinton
|
Batting: LHB Armando Esparza
|
0-0: Called Strike 0-1: Swinging Strike 0-2: Ball 1-2: Ball 2-2: SOLO HOME RUN (Flyball, 8RXD), Distance : 446 ft
|
Batting: RHB Mal Bussard
|
0-0: Ball 1-0: Fly out, F4 (Popup, 4M)
|
Batting: LHB Egidio Agnolutto
|
0-0: SOLO HOME RUN (Flyball, 9D), Distance : 405 ft
|
Batting: RHB Lance Hodges
|
0-0: Called Strike 0-1: Called Strike 0-2: Ball 1-2: Ground out 5-3 (Groundball, 5)
|
Batting: RHB Leandro Tuzzi
|
0-0: Called Strike 0-1: Fly out, F9 (Flyball, 89D)
|
Bottom of the 5th over - 2 run(s), 2 hit(s), 0 error(s), 0 left on base; Chicago 4 - Atlanta 2 |
TOP OF THE 6TH |
Chicago Gold Sox batting - Pitching for Atlanta Smoke : RHP Lance Hodges
|
Batting: LHB Norm Ortega
|
0-0: Ball 1-0: Called Strike 1-1: Fly out, F7 (Flyball, 78D)
|
Batting: RHB Daniel Lallanilla
|
0-0: Ball 1-0: Ground out 1-3 (Groundball, 13S)
|
Pitching: RHP Fred Pitts
|
|
Batting: RHB Devin Hinton
|
0-0: Called Strike 0-1: Ball 1-1: Foul Ball, location: 2F 1-2: Strikes out swinging
|
Top of the 6th over - 0 run(s), 0 hit(s), 0 error(s), 0 left on base; Chicago 4 - Atlanta 2 |
BOTTOM OF THE 6TH |
Atlanta Smoke batting - Pitching for Chicago Gold Sox : RHP Devin Hinton
|
Batting: LHB Mike Blue
|
0-0: Ball 1-0: Ball 2-0: Ground out 6-3 (Groundball, 6)
|
Batting: RHB Chris Smith
|
0-0: Ground out 5-3 (Groundball, 56)
|
Batting: RHB Nathan Horton
|
0-0: Swinging Strike 0-1: SINGLE (Groundball, 6)
|
Batting: RHB Nate Cates
|
0-0: Ball Nathan Horton is caught stealing 2nd base
|
Bottom of the 6th over - 0 run(s), 1 hit(s), 0 error(s), 0 left on base; Chicago 4 - Atlanta 2 |
TOP OF THE 7TH |
Chicago Gold Sox batting - Pitching for Atlanta Smoke : RHP Fred Pitts
|
Batting: RHB John Farrell
|
0-0: Ball 1-0: Swinging Strike 1-1: Called Strike 1-2: Strikes out swinging
|
Batting: LHB Ron Goodwin
|
0-0: Called Strike 0-1: Ball 1-1: Foul Ball, location: 2F 1-2: Ball 2-2: Foul Ball, location: 2F 2-2: Foul Ball, location: 2F 2-2: Strikes out swinging
|
Batting: LHB Vicente Martínez
|
0-0: Called Strike 0-1: Ball 1-1: Swinging Strike 1-2: Ball 2-2: Ground out 5-3 (Groundball, 5S)
|
Top of the 7th over - 0 run(s), 0 hit(s), 0 error(s), 0 left on base; Chicago 4 - Atlanta 2 |
BOTTOM OF THE 7TH |
Atlanta Smoke batting - Pitching for Chicago Gold Sox : RHP Devin Hinton
|
Batting: RHB Nate Cates
|
0-0: Foul Ball, location: 2F 0-1: Called Strike 0-2: SINGLE (Groundball, 6D)
|
Batting: LHB Armando Esparza
|
0-0: Ball 1-0: SINGLE (Flyball, 89S) Nate Cates to second Runner from 2nd tries for 3rd, SAFE, throw made to third
|
Batting: RHB Mal Bussard
|
0-0: Ball 1-0: Fly out, F9 (Popup, 4D)
|
Batting: LHB Egidio Agnolutto
|
0-0: Called Strike 0-1: Ball 1-1: Ball 2-1: Grounds out, U3 (Groundball, 3L) Nate Cates scores
|
Pitching: RHP Justin Reynolds
|
|
Pinch Hitting: LHB Roberto Rodríguez
|
0-0: Ball 1-0: Swinging Strike 1-1: Ground out 6-3 (Groundball, 6)
|
Bottom of the 7th over - 1 run(s), 2 hit(s), 0 error(s), 1 left on base; Chicago 4 - Atlanta 3 |
TOP OF THE 8TH |
Chicago Gold Sox batting - Pitching for Atlanta Smoke : RHP Fred Pitts
|
Pitching: LHP Randy Hoffman
|
|
Batting: LHB Earl Ellis
|
0-0: Fly out, F4 (Popup, 3D)
|
Batting: LHB Noel Ballard
|
0-0: Ball 1-0: SINGLE (Groundball, 56D) (infield hit)
|
Batting: RHB Mike Brown
|
0-0: Called Strike 0-1: Ball 1-1: Ball 2-1: 2-RUN HOME RUN (Flyball, 7LD), Distance : 367 ft
|
Pitching: RHP Brandon Bannatyne
|
|
Batting: LHB Norm Ortega
|
0-0: Ball 1-0: Called Strike 1-1: Foul Ball, location: 2F 1-2: Ground out U3 (Groundball, 3L)
|
Batting: RHB Daniel Lallanilla
|
0-0: Ball 1-0: SINGLE (Groundball, 56)
|
Pinch Hitting: SHB Omar Gutiérrez
|
0-0: Ball Daniel Lallanilla steals 2nd base 1-0: Ball 2-0: SINGLE (Line Drive, 34D) Daniel Lallanilla to third Runner from 3rd tries for Home, SAFE, no throw or cutoff
|
Batting: RHB John Farrell
|
0-0: Foul Ball, location: 2F 0-1: Swinging Strike 0-2: Strikes out swinging
|
Top of the 8th over - 3 run(s), 4 hit(s), 0 error(s), 1 left on base; Chicago 7 - Atlanta 3 |
BOTTOM OF THE 8TH |
Atlanta Smoke batting - Pitching for Chicago Gold Sox : RHP Justin Reynolds
|
Pitching: RHP Gene Kirkland
|
|
Batting: RHB Leandro Tuzzi
|
0-0: Ball 1-0: Called Strike 1-1: Foul Ball, location: 2F 1-2: Fly out, F9 (Line Drive, 89S)
|
Batting: LHB Mike Blue
|
0-0: Ball 1-0: Ball 2-0: Called Strike 2-1: Foul Ball, location: 2F 2-2: Foul Ball, location: 2F 2-2: Foul Ball, location: 2F 2-2: Ball 3-2: Foul Ball, location: 2F 3-2: Base on Balls
|
Batting: RHB Chris Smith
|
0-0: Ball 1-0: Called Strike 1-1: Foul Ball, location: 2F 1-2: Ball 2-2: Foul Ball, location: 2F 2-2: SINGLE (Flyball, 7S) Mike Blue to second
|
Batting: RHB Nathan Horton
|
0-0: Ball 1-0: Ball 2-0: Fly out, F8 (Line Drive, 8LD) Runner from 2nd tags up, SAFE at 3rd, no throw
|
Batting: RHB Nate Cates
|
0-0: Foul Ball, location: 2F 0-1: Ball 1-1: Ball 2-1: Foul Ball, location: 2F 2-2: Ball 3-2: Foul Ball, location: 2F 3-2: Base on Balls Chris Smith to second
|
Batting: LHB Armando Esparza
|
0-0: Called Strike 0-1: Ball 1-1: Called Strike 1-2: Ball 2-2: Strikes out swinging
|
Bottom of the 8th over - 0 run(s), 1 hit(s), 0 error(s), 3 left on base; Chicago 7 - Atlanta 3 |
TOP OF THE 9TH |
Chicago Gold Sox batting - Pitching for Atlanta Smoke : RHP Brandon Bannatyne
|
Batting: LHB Ron Goodwin
|
0-0: Called Strike 0-1: Foul Ball, location: 2F 0-2: SINGLE (Groundball, 4MD)
|
Batting: LHB Vicente Martínez
|
0-0: Ball 1-0: Ball 2-0: Called Strike 2-1: Foul Ball, location: 2F 2-2: Ground out 3-1 (Groundball, 34S) Ron Goodwin to second
|
Batting: LHB Earl Ellis
|
0-0: Called Strike 0-1: Ground out 4-3 (Groundball, 4) Ron Goodwin to third
|
Batting: LHB Noel Ballard
|
0-0: Ball 1-0: Ball 2-0: Foul Ball, location: 2F 2-1: Foul Ball, location: 2F 2-2: Ball 3-2: Foul Ball, location: 2F 3-2: Strikes out looking
|
Top of the 9th over - 0 run(s), 1 hit(s), 0 error(s), 1 left on base; Chicago 7 - Atlanta 3 |
BOTTOM OF THE 9TH |
Atlanta Smoke batting - Pitching for Chicago Gold Sox : RHP Gene Kirkland
|
Pitching: RHP John Hicks
|
|
Batting: RHB Mal Bussard
|
0-0: Foul Ball, location: 2F 0-1: Ball 1-1: Called Strike 1-2: SINGLE (Groundball, 4MD)
|
Batting: LHB Egidio Agnolutto
|
0-0: Ball 1-0: Ball 2-0: Foul Ball, location: 2F 2-1: Ball 3-1: Foul Ball, location: 2F 3-2: Base on Balls Mal Bussard to second
|
Pitching: RHP Lorenzo Marín
|
|
Pinch Hitting: LHB Rick Harrison
|
0-0: Called Strike 0-1: Foul Ball, location: 2F 0-2: Ball 1-2: Foul Ball, location: 2F 1-2: Foul Ball, location: 2F 1-2: Ball 2-2: Ball 3-2: Strikes out swinging
|
Batting: RHB Leandro Tuzzi
|
0-0: Called Strike 0-1: Ball 1-1: Called Strike 1-2: Strikes out looking
|
Batting: LHB Mike Blue
|
0-0: Fly out, F8 (Flyball, 8LS)
|
Bottom of the 9th over - 0 run(s), 1 hit(s), 0 error(s), 2 left on base; Chicago 7 - Atlanta 3 |
|